 Dungeon Crawl Stone Soup version 0.28.0-45-g0d030f2227 (webtiles) character file.

Game seed: 15874461650734823866

79 floorwaxer2 the Ruffian (level 4, 0/44 HPs)
             Began as a Troll Berserker on Apr 11, 2022.
             Was a Believer of Trog.
             Slain by an adder (2 damage)
             ... on level 3 of the Dungeon.
             The game lasted 00:05:59 (1766 turns).

floorwaxer2 the Ruffian (Troll Berserker)           Turns: 1766, Time: 00:05:59

Health: 0/44       AC:  4    Str: 25    XL:     4   Next: 16%
Magic:  3/3        EV: 10    Int:  3    God:    Trog [**....]
Gold:   118        SH:  0    Dex: 11    Spells: 3/3 levels left

rFire   . . .      SeeInvis .     - Unarmed
rCold   . . .      Faith    .   (no shield)
rNeg    . . .      Spirit   .   a - +0 animal skin
rPois   .          Reflect  .   (helmet restricted)
rElec   .          Harm     .   (no cloak)
rCorr   .          Rampage  .   (gloves unavailable)
Will    .....                   (boots unavailable)
Stlth   +.........              (no amulet)
HPRegen 0.94/turn               (no ring)
MPRegen 0.08/turn               (no ring)

@: lethally poisoned (0 -> 0), on berserk cooldown, slowed, very slow
A: large, unfitting armour, claws 3, regeneration 1, shaggy fur 1, tough skin 1
a: Renounce Religion, Berserk, Trog's Hand


You were on level 3 of the Dungeon.
You worshipped Trog.
Trog was pleased with you.
You visited 1 branch of the dungeon, and saw 3 of its levels.

You collected 118 gold pieces.

Inventory:

Armour
 a - a +0 animal skin (worn)
Wands
 f - a wand of paralysis (11)
Scrolls
 b - a scroll of blinking {unknown}
Potions
 c - 2 potions of ambrosia
 d - a potion of haste {unknown}
 e - a potion of might {unknown}
 g - a potion of lignification {unknown}
 h - a potion of mutation {unknown}
 i - a potion of degeneration {unknown}


   Skills:
 + Level 2.8 Fighting
 + Level 3.0 Dodging
 + Level 0.2 Stealth
 + Level 4.0 Unarmed Combat


You had 3 spell levels left.
You didn't know any spells.
Your spell library contained the following spells:

 Spells                   Type           Power      Damage    Failure   Level
 Sting                    Tmut/Pois      0%         1d3       52%         1
 Poisonous Vapours        Pois/Air       0%         N/A       67%         2
 Olgreb's Toxic Radiance  Pois           0%         N/A       99%         4


Dungeon Overview and Level Annotations

Branches:
Dungeon (3/15)

Altars:
Beogh

Annotations:
D:3 Antichthon's ghost, amateur NaWr


Innate Abilities, Weirdness & Mutations

You are too large for most types of armour.
You have claws for hands.
Your natural rate of healing is unusually fast.
You are covered in fur. (AC +1)
You have tough skin. (AC +1)


Message History

The adder barely misses you. The quokka closely misses you.
The adder bites you. The quokka closely misses you.
The giant cockroach barely misses you. The adder closely misses you.
The giant cockroach barely misses you. The quokka barely misses you.
You scratch the giant cockroach.
The giant cockroach is moderately wounded.
The adder bites you.
You are poisoned.
The adder poisons you! The giant cockroach barely misses you.
The quokka closely misses you.
The giant cockroach bites you but does no damage.
You claw the giant cockroach!
You kill the giant cockroach!
Trog accepts your kill.
You feel sick. The quokka bites you. The adder barely misses you.
Antichthon's ghost barely misses you. The quokka closely misses you.
The adder bites you.
You feel sick. The adder bites you but does no damage.
Antichthon's ghost hits you!
* * * LOW HITPOINT WARNING * * *
You feel sick.
You are no longer poisoned.
The adder bites you.
* * * LOW HITPOINT WARNING * * *
The quokka closely misses you. The adder bites you but does no damage.
The adder bites you.
* * * LOW HITPOINT WARNING * * *
The quokka twitches its whiskers.
The adder barely misses you. The adder misses you.
The quokka twitches its whiskers.
The adder bites you but does no damage. x2
The quokka closely misses you. The adder bites you.
* * * LOW HITPOINT WARNING * * *
You are poisoned.
The adder poisons you! The adder barely misses you.
You feel sick. The adder bites you but does no damage.
The quokka barely misses you.
You feel sick. The adder bites you.
You die...

#.##.............#
##.##.####
..##..........######.....#
...'†.........'.>.....####
####..........##.##...#
#..........##.##...#
########..##...#.##...#
... ##.##...#......# ##.
#..#...#..#.#.#######
##.#...#@.#.#.......#
.#...#Sr#.#######.#
..#...#Sg.........
......W...########
..........# #######...#
......#...# .. .$$...#...#
..# ##. #.#...#


You could see Antichthon's ghost, 2 adders, a quokka and a hobgoblin.

Vanquished Creatures
  2 adders (D:2)
  2 worms
  3 dart slugs
  7 ball pythons
  6 bats
  4 endoplasms
  3 giant cockroaches
  A goblin (D:1)
  5 hobgoblins
  2 quokkas
  2 frilled lizards
  5 kobolds
  5 rats
47 creatures vanquished.

Notes
Turn   | Place    | Note
-------+----------+-------------------------------------------
     0 | D:1      | floorwaxer2 the Troll Berserker began the quest for the
                  | Orb.
     0 | D:1      | Reached XP level 1. HP: 22/22 MP: 0/0
    56 | D:1      | Reached XP level 2. HP: 29/29 MP: 1/1
   454 | D:1      | Reached XP level 3. HP: 36/36 MP: 2/2
   723 | D:1      | Noticed an orc warrior
   807 | D:1      | Reached ** piety under Trog
   996 | D:2      | Found a faded altar of an unknown god.
  1309 | D:2      | Reached skill level 4 in Unarmed Combat
  1311 | D:2      | Reached XP level 4. HP: 27/44 MP: 3/3
  1723 | D:3      | Found a runed translucent gate.
  1723 | D:3      | Found a runed translucent gate.
  1724 | D:3      | Found a runed translucent gate.
  1731 | D:3      | Noticed Antichthon's ghost (amateur NaWr)
  1761 | D:3      | HP: 2/44 [adder (3)]
  1766 | D:3      | HP: 2/44 [poisoned by an adder]
  1766 | D:3      | Slain by an adder

Illustrated notes

Levels and vault maps discovered:
D:1:      erik_arrival_cave_to_civilisation [erik_arrival_cave_to_temple],
          layout_loops_ring, serial_glass, glass_columns_a, glass_columns_c,
          chequers_serial_rivers_small_3
D:2:      layout_loops_ring, shapermc_ecumenical_altar_mp_highgroup
D:3:      layout_basic, gammafunk_ghost_split, minmay_cupped, uniq_natasha

Skill      XL: |  1  2  3  4 |
---------------+-------------+-----
Unarmed Combat | 4 |  4.0
Dodging        | 3 |  3.0
Fighting       | |  2.8
Stealth        | |  0.2

Action                   |  1- 3 |  4- 6 || total
-------------------------+-------+-------++-------
Melee: Unarmed           |   108 |    27 ||   135
       Punch             |     2 |       ||     2
Invok: Berserk           |     1 |     1 ||     2
  Use: Scroll            |     1 |       ||     1
 Stab: Sleeping          |     1 |       ||     1
       Distracted        |     1 |       ||     1
Armor: Animal skin       |    37 |    15 ||    52
Dodge: Dodged            |    57 |    40 ||    97
